 Dungeon Crawl Stone Soup version 0.30-a0-612-g150a0467c1 (webtiles) character file.

Game seed: 17637407305549066918

341668 Leeroy the Middleweight Champion (level 21, 0/304 HPs)
             Began as a Grey Draconian Transmuter on Jan 7, 2023.
             Was the Champion of Wu Jian.
             Splashed by an acid blob's acid (2 damage)
             ... on level 5 of the Pits of Slime on Jan 8, 2023.
             The game lasted 01:56:29 (50641 turns).

Leeroy the Middleweight Champion (DrTm)            Turns: 50641, Time: 01:56:29

Health: 0/304      AC: 14    Str: 28    XL:     21   Next: 9%
Magic:  35/35      EV: 10    Int: 19    God:    Wu Jian [******]
Gold:   3892       SH:  0    Dex: 12    Spells: 12/40 levels left

rFire   . . .      SeeInvis .      - Unarmed
rCold   . . .      Faith    .    (shield currently unavailable)
rNeg    . . .      Spirit   .    (body armour unavailable)
rPois   +          Reflect  .    (helmet currently unavailable)
rElec   .          Harm     .    (cloak currently unavailable)
rCorr   +          Rampage  .    (gloves currently unavailable)
Will    +....                    (boots currently unavailable)
Stlth   ++                       J - amulet of the acrobat
HPRegen 0.70/turn                b - ring of resist corrosion
MPRegen 0.24/turn                y - ring of poison resistance

@: dragon-form, corroded, flying, studying 2 skills
A: dragon claw, dragon scales, flying, boosted hp, AC +16, amphibious, giant,
unfitting armour, (cold-blooded), deterioration 1, (fire resistance 1), mutation
resistance 1, screaming 2, inability to drink after injury 1
}: 2/15 runes: decaying, gossamer
a: End Transformation, Renounce Religion, Wall Jump, Serpent's Lash, Heavenly
Storm


You were on level 5 of the Pits of Slime.
You worshipped Wu Jian.
Wu Jian was exalted by your worship.
You were a fearsome iron dragon!
You visited 9 branches of the dungeon, and saw 40 of its levels.
You also visited: Ice Cave.

You collected 3916 gold pieces.
You spent 24 gold pieces at shops.

Inventory:

Hand Weapons
 G - the +8 rapier "Xeurphuza" {freeze, rElec rF++ Stlth+}
   (You found it on level 13 of the Dungeon)

   rF:        It greatly protects you from fire.
   rElec:     It insulates you from electricity.
   Stlth:     It makes you more stealthy.
 W - the +6 scimitar "Zieryi" {venom, SInv}
   (You found it on level 5 of the Lair of Beasts)

   SInv:      It lets you see invisible.
 Z - the +1 arbalest "Nasujoow" {elec, rPois}
   (You found it on level 5 of the Lair of Beasts)

   rPois:     It protects you from poison.
Armour
 e - a +2 pair of boots (melded)
 l - a +2 pair of gloves of stealth (melded)
 C - the +4 skin of Zhor {*Englaciate rC+++ SInv}
   (You found it on level 4 of the Swamp)

   It radiates cold, occasionally slowing all nearby creatures who are not
   resistant to cold.
   rC:        It renders you almost immune to cold.
   SInv:      It lets you see invisible.
 E - an orb of mayhem
 L - a scarf of resistance (melded)
 O - the +2 shield of Resistance {rF++ rC++ Will++}
   (You found it on level 3 of the Lair of Beasts)

   rF:        It greatly protects you from fire.
   rC:        It greatly protects you from cold.
   Will:      It greatly increases your willpower.
 P - a +2 hat of willpower (melded)
Jewellery
 b - a ring of resist corrosion (left foreclaw)
 y - a ring of poison resistance (right foreclaw)
 H - a ring of poison resistance
 J - an amulet of the acrobat (around neck)
 K - a ring of positive energy
 M - a ring of willpower
Wands
 h - a wand of digging (9)
 i - a wand of flame (71)
 F - a wand of mindburst (19)
 I - a wand of paralysis (31)
 N - a wand of quicksilver (8)
 Q - a wand of roots (25)
Scrolls
 c - 9 scrolls of amnesia
 g - 3 scrolls of immolation
 m - 4 scrolls of silence
 n - 8 scrolls of magic mapping
 p - 6 scrolls of poison
 u - 8 scrolls of fog
 v - a scroll of fear
 w - 8 scrolls of teleportation
 x - 2 scrolls of torment
 A - 4 scrolls of vulnerability
 D - 4 scrolls of noise
 U - a scroll of summoning
Potions
 a - 10 potions of heal wounds
 d - 12 potions of curing
 f - 6 potions of degeneration
 j - 7 potions of brilliance
 k - 8 potions of cancellation
 o - 4 potions of haste
 q - 6 potions of might
 r - 3 potions of berserk rage
 s - 3 potions of magic
 t - 3 potions of lignification
 z - 5 potions of invisibility
 B - 7 potions of mutation
 S - 3 potions of resistance
 T - 7 potions of attraction
 V - 5 potions of ambrosia
Miscellaneous
 R - a lightning rod (4/4)
 Y - a phial of floods


   Skills:
 + Level 20.8 Fighting
 - Level 0.6(1.0) Axes
 - Level 0.5(0.7) Maces & Flails
 - Level 0.6(0.8) Polearms
 - Level 7.2 Dodging
 - Level 3.0 Stealth
 O Level 27 Unarmed Combat
 - Level 10.0 Spellcasting
 - Level 0.6 Conjurations
 - Level 0.6 Summonings
 - Level 0.5 Translocations
 - Level 15.2 Transmutations
 - Level 0.3 Air Magic
 - Level 6.5 Earth Magic
 - Level 0.6 Invocations


You had 12 spell levels left.
You knew the following spells:

 Your Spells              Type           Power      Damage    Failure   Level
a - Beastly Appendage     Tmut           100%       N/A       0%          1
b - Spider Form           Tmut/Pois      38%        N/A       1%          3
c - Ice Form              Ice/Tmut       38%        N/A       3%          4
d - Wereblood             Tmut           61%        N/A       1%          2
e - Dragon Form           Tmut           30%        N/A       12%         7
f - Foxfire               Conj/Fire      40%        2x1d6     6%          1
g - Stone Arrow           Conj/Erth      46%        3d9       4%          3
h - Ensorcelled Hibernat  Hex/Ice        18%        N/A       11%         2
i - Blade Hands           Tmut           30%        N/A       1%          5

Your spell library contained the following spells:

 Spells                   Type           Power      Damage    Failure   Level
 Sting                    Tmut/Pois      100%       1d8       1%          1
 Ignite Poison            Fire/Tmut/Pois 28%        N/A       2%          3
 Kiss of Death            Conj/Necr      40%        2d8       6%          1
 Magic Dart               Conj           44%        1d5       6%          1
 Freeze                   Ice            36%        1d5       8%          1
 Irradiate                Conj/Tmut      19%        3d18      8%          5
 Call Imp                 Summ           11%        N/A       9%          2
 Momentum Strike          Conj/Tloc      22%        3d8       9%          2
 Yara's Violent Unravell  Hex/Tmut       19%        3d9       9%          5
 Cigotuvi's Dreadful Rot  Necr/Pois/Air  18%        N/A       11%         2
 Poisonous Vapours        Pois/Air       20%        N/A       11%         2
 Sublimation of Blood     Necr           9%         N/A       11%         2
 Dazzling Flash           Conj/Hex       20%        N/A       19%         3
 Gell's Gravitas          Tloc           11%        N/A       19%         3
 Hailstorm                Conj/Ice       10%        3d5       19%         3
 Mephitic Cloud           Conj/Pois/Air  10%        N/A       19%         3
 Teleport Other           Tloc           11%        N/A       19%         3
 Kindle Blastsparks       Fire/Tloc/Air  20%        2d11      21%         3
 Confusing Touch          Hex            9%         N/A       22%         3
 Frozen Ramparts          Ice            18%        1d3       22%         3
 Inner Flame              Hex/Fire       9%         N/A       22%         3
 Borgnjor's Vile Clutch   Necr/Erth      11%        N/A       47%         5
 Iskenderun's Mystic Bla  Conj/Tloc      11%        2d4       50%         4
 Flame Wave               Conj/Fire      10%        2d6       54%         4
 Sticky Flame             Conj/Fire      10%        2d3       54%         4
 Anguish                  Hex/Necr       4%         N/A       58%         4
 Cause Fear               Hex            4%         N/A       58%         4
 Dispel Undead            Necr           9%         3d8       58%         4
 Olgreb's Toxic Radiance  Pois           9%         N/A       58%         4
 Iskenderun's Battlesphe  Conj           11%        2d7       85%         5
 Fireball                 Conj/Fire      5%         3d5       87%         5
 Freezing Cloud           Conj/Ice/Air   5%         6-21      87%         5
 Conjure Ball Lightning   Conj/Air       5%         3x3d6     100%        6
 Dispersal                Tloc           5%         N/A       100%        6
 Simulacrum               Ice/Necr       4%         N/A       100%        6
 Starburst                Conj/Fire      5%         6d4       100%        6
 Enfeeble                 Hex            4%         N/A       100%        7
 Orb of Destruction       Conj           5%         9d5       100%        7
 Ozocubu's Refrigeration  Ice            4%         4d8       100%        7
 Summon Hydra             Summ           5%         N/A       100%        7
 Ignition                 Fire           4%         3d4       100%        8
 Lehudib's Crystal Spear  Conj/Erth      11%        10d4      100%        8
 Chain Lightning          Conj/Air       5%         3d7       100%        9
 Dragon's Call            Summ           5%         N/A       100%        9
 Fire Storm               Conj/Fire      5%         8d1       100%        9
 Polar Vortex             Ice            4%         N/A       100%        9
 Shatter                  Erth           17%        3d16*     100%        9
 Animate Armour           Summ/Erth      Unusable   N/A       N/A         4

Dungeon Overview and Level Annotations

Branches:
Dungeon (15/15) Temple (1/1) D:7 Lair (5/5) D:8 Swamp (4/4) Lair:2 Spider (4/4) Lair:3 Slime (5/5) Lair:5 Orc (2/2) D:11 Elf (3/3) Orc:2 Vaults (0/5) D:13 D:14 Depths (1/4) D:15 IceCv (visited)

Altars:
Ashenzari
Cheibriados
Dithmenos
Fedhas
Hepliaklqana
Kikubaaqudgha
Makhleb
Qazlal
Ru
Sif Muna
Trog
Uskayaw
Vehumet
Wu Jian
Xom
Zin
Jiyva
Lugonu

Shops:
D:5 *   D:6 *   D:8 (   Orc:1 (   Orc:2 *(=?(:   Elf:2 (

Annotations:
Lair:4 2 transporters, 1 runed translucent door, Piki's ghost, journeyman GrFE


Innate Abilities, Weirdness & Mutations

You are a fearsome iron dragon!
You have a powerful clawing attack.
Your giant scaled body is strong and resiliant, but less evasive.
You are flying.
Your maximum health is greatly increased.
Your armour is entirely melded.
You are incapable of wielding weapons or throwing items.
Your dull iron-grey scales are very hard. (AC +16)
You are amphibious.
You cannot fit into any form of body armour.
((You are cold-blooded and may be slowed by cold attacks.))
Your body sometimes deteriorates upon taking damage.
((Your flesh is heat resistant. (rF+)))
You are somewhat resistant to further mutation.
You frequently scream uncontrollably at your foes.
You occasionally lose the ability to drink potions when taking damage.


Message History

Your surroundings suddenly seem different.
A shining eye comes into view.
The acid blob spits acid at you. The splash of acid hits you. You resist.
* * * LOW HITPOINT WARNING * * *
You are too confused!
You are too confused!
You feel better.
You feel less invigorated. The acid blob spits acid at you.
The splash of acid hits you! You resist.
* * * LOW HITPOINT WARNING * * *
The acid corrodes you!
You spin and attack the shining eye repeatedly.
You maul the shining eye!!!
You kill the shining eye!
The Council accepts your kill. The acid blob spits acid at you.
The splash of acid hits you. You resist.
* * * LOW HITPOINT WARNING * * *
You spin and attack the acid blob repeatedly.
You bite the acid blob!!
Your foreclaws burn!
* * * LOW HITPOINT WARNING * * *
You tail-slap the acid blob, but do no damage.
The acid blob is moderately wounded.
You hit the acid blob but do no damage.
Your foreclaws burn!
* * * LOW HITPOINT WARNING * * *
You tail-slap the acid blob, but do no damage.
You bite the acid blob.
The acid blob is moderately wounded.
The acid blob barely misses you. The acid blob spits acid at you.
The splash of acid hits you. You resist.
* * * LOW HITPOINT WARNING * * *
The acid blob spits acid at you. The splash of acid hits you! You resist.
* * * LOW HITPOINT WARNING * * *
Unknown command.
You spin and attack the acid blob repeatedly.
You maul the acid blob!!!
Your foreclaws burn!
You die...

......... .................
...........................
...........................
.<.........................
...........................
...........................
...........................
...........................
................DJ.........
G.........#...#.###.............
......... ### ## ##.............
#J.J......... .J..........
#J.J........ #JJ........
##.J....... #J.J.......


You could see an acid blob and a rockslime.

Vanquished Creatures
  the Royal Jelly (Slime:5)
  Bai Suzhen (Spider:4)
  Nikola (Spider:2)
  Arachne (Spider:4)
  Jorgrun (D:14)
  Rupert (D:13)
  The ghost of Leeroy the Grand Master, an adept MfTm of Wu Jian (Elf:2)
  2 deep elf blademasters
  Frances (Spider:2)
  6 acid blobs
  Gastronok (Lair:2)
  Agnes (D:14)
  2 deep elf master archers (Elf:3)
  6 rockslimes
  A fenstrider witch (Swamp:4)
  8 azure jellies
  2 emperor scorpions (Spider:4)
  3 deep elf sorcerers (Elf:3)
  Louise (Spider:2)
  A fire giant (D:15)
  3 ghost moths
  6 deep elf elementalists (Elf:3)
  The ghost of momodddd the Eclecticist, a journeyman DECj of Vehumet (Swamp:4)
  3 very ugly things (D:15)
  2 broodmothers (Spider:3)
  3 quicksilver oozes
  2 dire elephants (Lair:5)
  3 deep elf demonologists (Elf:3)
  3 eleionomae
  6 deep elf annihilators (Elf:3)
  10 spark wasps
  Azrael (Spider:2)
  2 deep elf death magi (Elf:3)
  Snorg (Orc:2)
  2 statues (D:14)
  Josephine (D:14)
  5 deep elf high priests
  7 entropy weavers
  4 great orbs of eyes
  25 hydras
  2 salamander tyrants (D:14)
  Erolcha (Orc:2)
  2 jorogumos
  3 ghost crabs
  A catoblepas (Lair:5)
  An ogre mage (D:14)
  4 centaur warriors
  A merfolk avatar (Lair:5)
  10 boulder beetles
  4 radroaches
  An anaconda (Lair:5)
  A spriggan air mage (Swamp:3)
  10 alligators
  A death knight (D:13)
  3 two-headed ogres
  24 dancing weapons
  2 death yaks (Lair:4)
  Urug (Lair:5)
  2 orc high priests
  4 spriggans
  14 deep elf knights
  A spriggan berserker (D:15)
  A fire crab (shapeshifter) (D:15)
  6 sun moths
  A spectral catoblepas (Lair:2)
  9 pharaoh ants
  7 skeletal warriors
  2 bunyip zombies (Swamp:4)
  7 spriggan druids
  2 deep trolls (Orc:2)
  11 swamp dragons
  6 goliath frogs
  3 sea snakes (Lair:5)
  5 bog bodies
  3 lindwurms (Swamp:4)
  12 orb spiders
  64 slime creatures
  4 steelbarb worms
  2 bunyip skeletons (Swamp:4)
  3 wizards
  14 deep elf archers
  31 deep elf pyromancers
  A wolf spider zombie (D:15)
  2 necromancers
  Pikel (D:4)
  6 orc knights
  A salamander (shapeshifter) (Elf:2)
  16 wolf spiders
  32 deep elf zephyrmancers
  6 orc sorcerers
  31 ugly things
  5 cyclopes
  4 manticores
  4 will-o-the-wisps
  6 shining eyes
  3 moths of wrath
  19 elephants
  Joseph (D:7)
  3 ice statues (IceCv)
  7 black mambas
  A centaur zombie (D:15)
  2 naga magi (D:15)
  5 torpor snails
  2 eyes of devastation
  7 demonic crawlers
  Maggie (Lair:2)
  18 cane toads
  7 rime drakes
  An anaconda simulacrum (IceCv)
  6 tengu conjurers (D:14)
  2 freezing wraiths
  A kobold demonologist (D:11)
  3 unseen horrors
  12 komodo dragons
  An efreet (D:13)
  5 meliai
  8 polar bears
  A bloated husk (Swamp:1)
  6 trolls
  20 tarantellas
  10 tyrant leeches
  5 hornets
  14 dream sheep
  13 blink frogs
  2 snapping turtles (Lair:5)
  26 jumping spiders
  An air elemental (Elf:1)
  23 culicivoras
  Sigmund (D:4)
  A shadow (D:9)
  6 wraiths
  71 yaks
  8 wyverns
  A dire elephant simulacrum (IceCv)
  14 humans
  5 water elementals
  2 golden eyes (Slime:3)
  Eustachio (D:4)
  A steam dragon (D:9)
  5 basilisks
  2 fire elementals (Spider:2)
  A spectral cane toad (Lair:2)
  A death yak simulacrum (IceCv)
  52 redbacks
  7 vampire mosquitoes
  Menkaure (D:5)
  A harpy simulacrum (IceCv)
  6 wargs
  14 swamp worms
  An acid dragon (D:12)
  18 water moccasins
  6 hell hounds (Spider:2)
  7 swamp drakes
  38 orc warriors
  2 hornet zombies
  2 sky beasts
  Pargi (D:3)
  A spriggan simulacrum (Swamp:4)
  An ice beast (D:6)
  5 black bears
  2 ogres (Orc:1)
  A swamp dragon skeleton (Swamp:4)
  37 wolves
  16 centaurs
  3 lemures (D:3)
  2 phantoms
  Blork the orc (D:5)
  A spectral wyvern (Lair:2)
  23 bullfrogs
  3 necrophages
  2 kobold brigands (D:9)
  An earth elemental (Elf:2)
  2 scorpions
  10 wights
  An elephant simulacrum (IceCv)
  13 killer bees
  5 howler monkeys
  4 electric eels
  11 orc priests
  A jelly (Lair:5)
  A gnoll bouda (D:6)
  2 iguanas (D:6)
  27 orc wizards
  6 hell rats (Lair:2)
  A polar bear simulacrum (IceCv)
  2 wolf simulacra (IceCv)
  A boggart simulacrum (D:15)
  3 gnolls (D:6)
  9 adders
  2 shadow imps (D:5)
  2 ufetubi
  2 worms (D:2)
  3 dart slugs
  60 orcs
  6 ball pythons
  7 endoplasms
  A giant cockroach (D:4)
  4 goblins
  9 hobgoblins
  12 jackals
  5 quokkas
  4 bats
  2 frilled lizards (D:2)
  20 kobolds
  8 rats
1390 creatures vanquished.

Vanquished Creatures (others)
  A deep elf knight (Elf:1)
  A torpor snail (Spider:2)
  A bloated husk (Swamp:2)
  A jumping spider (Spider:2)
  A bush (Lair:5)
  17 foxfires
  41 fungi
  82 plants
145 creatures vanquished.

Grand Total: 1535 creatures vanquished

Notes
Turn   | Place    | Note
-------+----------+-------------------------------------------
     0 | D:1      | Leeroy the Draconian Transmuter began the quest for the
                  | Orb.
     0 | D:1      | Reached XP level 1. HP: 16/16 MP: 3/3
   222 | D:1      | Reached XP level 2. HP: 15/23 MP: 5/5
   612 | D:1      | Reached skill level 4 in Unarmed Combat
   958 | D:2      | Reached XP level 3. HP: 12/28 MP: 6/6
  1591 | D:2      | Reached XP level 4. HP: 35/35 MP: 7/7
  1702 | D:2      | Reached skill level 5 in Unarmed Combat
  2040 | D:3      | You fall into a shaft and drop 2 floors!
  2040 | D:5      | Entered Level 5 of the Dungeon
  2164 | D:5      | Noticed Menkaure
  2180 | D:4      | Noticed Sigmund
  2184 | D:4      | Killed Sigmund
  2185 | D:4      | Reached skill level 6 in Unarmed Combat
  2185 | D:4      | Reached XP level 5. HP: 40/40 MP: 8/8
  2327 | D:4      | Reached skill level 7 in Unarmed Combat
  2327 | D:4      | Reached XP level 6. HP: 47/47 MP: 9/9
  2505 | D:4      | Noticed Eustachio
  2518 | D:4      | Killed Eustachio
  2905 | D:3      | Reached skill level 8 in Unarmed Combat
  2959 | D:3      | Your scales start taking on a dull iron-grey colour.
  2959 | D:3      | Reached XP level 7. HP: 31/52 MP: 10/10
  3054 | D:3      | Learned a level 3 spell: Spider Form
  3059 | D:3      | Learned a level 4 spell: Ice Form
  3474 | D:4      | Noticed Pargi
  3474 | D:4      | Noticed Pikel
  3508 | D:3      | Killed Pargi
  3509 | D:3      | Reached skill level 1 in Stealth
  3705 | D:4      | Killed Pikel
  3706 | D:4      | Reached skill level 5 in Transmutations
  3706 | D:4      | Reached XP level 8. HP: 25/59 MP: 11/11
  4009 | D:5      | Found Beitiaf's Assorted Antiques.
  4194 | D:5      | Noticed Blork the orc
  4207 | D:5      | Killed Menkaure
  4214 | D:5      | Killed Blork the orc
  4215 | D:5      | Reached skill level 9 in Unarmed Combat
  5532 | D:6      | Reached XP level 9. HP: 62/64 MP: 10/12
  5569 | D:6      | Reached skill level 10 in Unarmed Combat
  5749 | D:6      | Learned a level 2 spell: Wereblood
  6107 | D:6      | Found Tuhesias's General Store.
  6115 | D:6      | Bought a scroll of identify for 24 gold pieces
  6266 | D:7      | Noticed Joseph
  6756 | D:7      | Noticed a two-headed ogre
  7070 | D:8      | Reached XP level 10. HP: 28/77 MP: 13/13
  7186 | D:8      | Reached skill level 5 in Dodging
  7262 | D:8      | Found a staircase to the Lair.
  7293 | D:8      | Found a radiant altar of Vehumet.
  7523 | D:8      | Found Heabia's Antique Weapon Boutique.
  8234 | D:9      | Found a bloodstained altar of Trog.
  8339 | D:9      | Found a sacrificial altar of Ru.
  8638 | D:7      | Found a staircase to the Ecumenical Temple.
  8659 | Temple   | Entered the Ecumenical Temple
  8666 | Temple   | Became a worshipper of the Wu Jian Council
  9166 | D:10     | Entered Level 10 of the Dungeon
  9178 | D:10     | Noticed a white ugly thing
 10143 | D:9      | Learned a level 7 spell: Dragon Form
 10180 | D:11     | Noticed a two-headed ogre
 10182 | D:11     | Found a frozen archway.
 10188 | IceCv    | Entered an ice cave
 10768 | IceCv    | Noticed an ice statue
 11002 | IceCv    | Noticed an ice statue
 11047 | IceCv    | Noticed an ice statue
 11493 | IceCv    | Killed an ice statue
 11494 | IceCv    | Reached XP level 11. HP: 74/85 MP: 13/17
 11734 | IceCv    | Reached * piety under Wu Jian
 11734 | IceCv    | Noticed a white ugly thing
 11741 | IceCv    | Killed a white ugly thing
 11742 | IceCv    | Reached skill level 11 in Unarmed Combat
 12006 | IceCv    | Learned a level 1 spell: Foxfire
 12644 | D:10     | Killed a white ugly thing
 12645 | D:10     | Reached skill level 10 in Transmutations
 12800 | D:11     | Found a staircase to the Orcish Mines.
 13021 | D:11     | Noticed a skeletal warrior
 13022 | D:11     | Noticed a skeletal warrior
 13022 | D:11     | Noticed a skeletal warrior
 13375 | D:7      | Killed a two-headed ogre
 13651 | D:7      | Killed Joseph
 14136 | Lair:1   | Entered Level 1 of the Lair of Beasts
 15270 | Lair:1   | Reached ** piety under Wu Jian
 15547 | Lair:1   | Reached XP level 12. HP: 92/92 MP: 13/18
 16026 | Lair:2   | Noticed an eight-headed hydra
 16041 | Lair:2   | Killed an eight-headed hydra
 16996 | Lair:2   | Reached skill level 15 in Transmutations
 17241 | Lair:2   | Noticed Maggie
 17505 | Lair:3   | Noticed an eight-headed hydra
 17561 | Lair:3   | Reached skill level 5 in Spellcasting
 17561 | Lair:3   | Reached *** piety under Wu Jian
 17708 | Lair:3   | Found a hole to the Spider Nest.
 18084 | Lair:3   | Killed a 12-headed hydra
 18091 | Lair:3   | Reached XP level 13. HP: 97/97 MP: 17/24
 18152 | Lair:3   | Found the +2 shield of Resistance {rF++ rC++ Will++}
 19152 | Lair:4   | Reached **** piety under Wu Jian
 19327 | Lair:4   | Found a transporter.
 19344 | Lair:4   | Reached skill level 10 in Spellcasting
 19405 | Lair:4   | Found a runed translucent door.
 19406 | Lair:4   | Found a shimmering altar of Xom.
 19406 | Lair:4   | Noticed Piki's ghost (journeyman GrFE)
 19471 | Lair:4   | Found a transporter.
 19880 | Lair:4   | Reached skill level 5 in Fighting
 19992 | Lair:5   | Entered Level 5 of the Lair of Beasts
 20048 | Lair:5   | Noticed a dire elephant
 20140 | Lair:5   | Found a staircase to the Slime Pits.
 20320 | Lair:5   | Reached ***** piety under Wu Jian
 20321 | Lair:5   | Reached skill level 10 in Fighting
 20361 | Lair:5   | Reached XP level 14. HP: 98/122 MP: 18/28
 20404 | Lair:5   | Found a viscous altar of Jiyva.
 20473 | Lair:5   | Identified the +1 arbalest "Nasujoow" {elec, rPois}
 20474 | Lair:5   | Identified the +6 scimitar "Zieryi" {venom, SInv}
 20725 | Lair:4   | Gained mutation: You occasionally lose the ability to read
                  | scrolls when taking damage. [mutagenic glow]
 20741 | Lair:4   | Gained mutation: Your spells are a little easier to cast,
                  | but a little less powerful. [mutagenic glow]
 20962 | Lair:5   | Noticed Urug
 20975 | Lair:5   | Killed Urug
 21794 | Lair:5   | Reached skill level 12 in Unarmed Combat
 21932 | Slime:1  | Entered Level 1 of the Pits of Slime
 21934 | Slime:1  | Noticed a quicksilver ooze
 22018 | Spider:1 | Entered Level 1 of the Spider Nest
 22259 | Spider:1 | Reached skill level 13 in Unarmed Combat
 22516 | Spider:1 | Killed a ghost moth
 22517 | Spider:1 | Reached skill level 14 in Unarmed Combat
 22731 | Spider:1 | Reached skill level 15 in Unarmed Combat
 23360 | Spider:2 | Noticed Louise
 23399 | Spider:2 | Reached XP level 15. HP: 137/137 MP: 20/29
 23515 | Spider:2 | Reached skill level 16 in Unarmed Combat
 23518 | Spider:2 | Noticed Nikola
 23528 | Spider:2 | Killed Nikola
 23749 | Spider:2 | Noticed Azrael
 23945 | Lair:2   | Killed Maggie
 23969 | Lair:2   | Noticed Gastronok
 23978 | Lair:2   | Killed Gastronok
 23979 | Lair:2   | Reached skill level 17 in Unarmed Combat
 23995 | Lair:2   | Reached ****** piety under Wu Jian
 24298 | Lair:2   | Found a staircase to the Swamp.
 24521 | Swamp:1  | Entered Level 1 of the Swamp
 25357 | Swamp:2  | Reached skill level 15 in Fighting
 26422 | Swamp:4  | Entered Level 4 of the Swamp
 26497 | Swamp:4  | Reached XP level 16. HP: 154/154 MP: 23/30
 26673 | Swamp:4  | Got a decaying rune of Zot
 26780 | Swamp:4  | Found a transporter.
 26912 | Swamp:4  | Found an ancient bone altar of Kikubaaqudgha.
 26919 | Swamp:4  | Reached skill level 18 in Unarmed Combat
 26937 | Swamp:4  | Got Xuynown's Grimoire of the Mausoleum
 27186 | Swamp:4  | Found the +4 skin of Zhor {*Englaciate rC+++ SInv}
 27272 | Swamp:4  | Found a transporter.
 27302 | Swamp:4  | Noticed momodddd's ghost (journeyman DECj)
 28023 | Swamp:4  | Identified the +1 pair of gloves of Waxkec {rC+}
 28032 | Swamp:4  | Killed momodddd's ghost
 28246 | Swamp:4  | Reached XP level 17. HP: 163/163 MP: 31/31
 29208 | D:11     | Reached skill level 19 in Unarmed Combat
 29285 | D:11     | Found a glowing silver altar of Zin.
 29638 | D:12     | Found a corrupted altar of Lugonu.
 30828 | D:13     | Identified the +8 rapier "Xeurphuza" {freeze, rElec rF++
                  | Stlth+}
 31121 | D:14     | Noticed Rupert
 31121 | D:14     | Found a gate to the Vaults.
 31170 | D:14     | Paralysed by Rupert for 5 turns
 31365 | D:12     | Upgraded the game from 0.30-a0-603-g51a0fb1b98 to
                  | 0.30-a0-612-g150a0467c1
 31503 | D:12     | Learned a level 3 spell: Stone Arrow
 31506 | D:12     | Learned a level 2 spell: Ensorcelled Hibernation
 31659 | D:14     | Found a hide-covered altar of Uskayaw.
 31659 | D:14     | Noticed Josephine
 32005 | D:14     | Killed Josephine
 32312 | D:14     | Reached skill level 20 in Unarmed Combat
 32896 | D:14     | Found a radiant altar of Vehumet.
 32896 | D:14     | Noticed Jorgrun
 32899 | D:14     | Killed Jorgrun
 32905 | D:14     | Noticed Agnes
 32913 | D:14     | Killed Agnes
 32917 | D:14     | Reached XP level 18. HP: 156/172 MP: 32/32
 33595 | D:14     | Identified the +9 war axe of Instinct {holy, MP+9}
 33853 | D:15     | Entered Level 15 of the Dungeon
 34086 | D:15     | Found a broken altar of Ashenzari.
 34345 | D:15     | Reached skill level 21 in Unarmed Combat
 34412 | D:15     | Found a staircase to the Depths.
 34837 | Depths:1 | Entered Level 1 of the Depths
 36470 | Orc:1    | Entered Level 1 of the Orcish Mines
 36592 | Orc:2    | Entered Level 2 of the Orcish Mines
 36633 | Orc:2    | Noticed Erolcha
 36640 | Orc:2    | Killed Erolcha
 36651 | Orc:2    | Reached skill level 22 in Unarmed Combat
 36668 | Orc:2    | Paralysed by an orc sorcerer for 2 turns
 37131 | Orc:2    | Found Wiuvvoest's Antique Weapon Shoppe.
 37141 | Orc:2    | Found Hyjol's Assorted Antiques.
 37321 | Orc:2    | Found Cougif's Weapon Emporium.
 37321 | Orc:2    | Found Woar Mirei's Magic Scroll Boutique.
 37323 | Orc:2    | Found Qootujox's Jewellery Shop.
 37325 | Orc:2    | Found Pufieloreh's Book Shoppe.
 37537 | Orc:2    | Noticed Snorg
 37543 | Orc:2    | Killed Snorg
 37746 | Orc:2    | Found a staircase to the Elven Halls.
 37915 | Orc:1    | Found Rigusom's Antique Weapon Emporium.
 38285 | Elf:1    | Entered Level 1 of the Elven Halls
 39158 | Elf:1    | Paralysed by an air elemental for 1 turns
 39349 | Elf:1    | Reached skill level 23 in Unarmed Combat
 39805 | Elf:2    | Reached XP level 19. HP: 179/179 MP: 30/33
 40187 | Elf:2    | Found Dellis's Weapon Shoppe.
 40197 | Elf:2    | Found a runed translucent gate.
 40198 | Elf:2    | Found a runed translucent gate.
 40201 | Elf:2    | Found a runed translucent gate.
 40282 | Elf:2    | Reached skill level 24 in Unarmed Combat
 40494 | Elf:2    | Found a runed translucent door.
 40499 | Elf:2    | Noticed Leeroy's ghost (adept MfTm)
 40580 | Elf:2    | Killed Leeroy's ghost
 41632 | Elf:3    | Entered Level 3 of the Elven Halls
 41873 | Elf:3    | Noticed a Brimstone Fiend
 42840 | Elf:3    | Reached skill level 25 in Unarmed Combat
 43692 | Elf:3    | Got the Encyclopedia of Coordinates
 43752 | Elf:3    | Identified the +2 scale mail "Cumitz" {Str+5}
 43757 | Elf:3    | Identified the +1 robe "Doman" {Rampage rN++ Regen+ Int-4}
 43759 | Elf:3    | Identified the +9 sling of Vunal {antimagic, rElec}
 44284 | Elf:3    | Learned a level 5 spell: Blade Hands
 44541 | D:13     | Killed Rupert
 44889 | Spider:2 | Killed Louise
 45181 | Spider:2 | Noticed Frances
 45191 | Spider:2 | Killed Frances
 45217 | Spider:2 | Reached XP level 20. HP: 124/187 MP: 26/34
 45467 | Spider:2 | Identified the +0 chain mail "Uneplarph" {Harm rElec Dex+4}
 45476 | Spider:2 | Killed Azrael
 45820 | Spider:3 | Reached skill level 26 in Unarmed Combat
 46799 | Spider:4 | Entered Level 4 of the Spider Nest
 46799 | Spider:4 | Noticed Arachne
 46812 | Spider:4 | Killed Arachne
 47282 | Spider:4 | Reached skill level 27 in Unarmed Combat
 47448 | Spider:4 | Noticed Bai Suzhen
 47460 | Spider:4 | Killed Bai Suzhen
 48336 | Spider:4 | Got a gossamer rune of Zot
 49444 | Slime:3  | Gained mutation: Your body sometimes deteriorates upon
                  | taking damage. [a shining eye]
 49821 | Slime:3  | Gained mutation: You occasionally shout uncontrollably at
                  | your foes. [a shining eye]
 49823 | Slime:3  | Gained mutation: You occasionally lose the ability to drink
                  | potions when taking damage. [a shining eye]
 49824 | Slime:3  | Gained mutation: You are weak. (Str -2) [a shining eye]
 50047 | Slime:3  | Gained mutation: You frequently scream uncontrollably at
                  | your foes. [a shining eye]
 50225 | Slime:4  | Paralysed by a great orb of eyes for 5 turns
 50241 | Slime:4  | Lost mutation: You are weak. (Str -2) [potion of mutation]
 50241 | Slime:4  | Lost mutation: You occasionally lose the ability to read
                  | scrolls when taking damage. [potion of mutation]
 50241 | Slime:4  | Lost mutation: Your spells are a little easier to cast, but
                  | a little less powerful. [potion of mutation]
 50241 | Slime:4  | Gained mutation: You are somewhat resistant to further
                  | mutation. [potion of mutation]
 50241 | Slime:4  | Gained mutation: Your flesh is heat resistant. (rF+)
                  | [potion of mutation]
 50486 | Slime:5  | Entered Level 5 of the Pits of Slime
 50499 | Slime:5  | Reached XP level 21. HP: 202/202 MP: 30/35
 50503 | Slime:5  | Noticed the Royal Jelly
 50509 | Slime:5  | Paralysed by a great orb of eyes for 4 turns
 50623 | Slime:5  | Killed the Royal Jelly
 50634 | Slime:5  | HP: 8/304 [acid blob[the Royal Jelly] (18)]
 50640 | Slime:5  | HP: 12/304 [acid blob/splash of acid[the Royal Jelly] (6)]
 50640 | Slime:5  | HP: 2/304 [acid blob/splash of acid[the Royal Jelly] (10)]
 50641 | Slime:5  | Splashed by an acid blob's acid

Illustrated notes

Levels and vault maps discovered:
D:1:      tarquinn_simple_flora_water_f, layout_basic, palyth_stone_intersect,
          columned_hall_lemuel, minmay_split_cup_small
D:2:      layout_loops_cross, minmay_pentomino_v4
D:3:      layout_basic
D:4:      layout_gridville, uniq_sigmund, uniq_pargi, uniq_eustachio, uniq_pikel
D:5:      layout_cave_pools, nicolae_stop_n_shop_1, uniq_menkaure,
          uniq_blork_the_orc
D:6:      layout_cave_pools, serial_shops, nicolae_shop_statue_plus, hex_tiny
D:7:      layout_rooms, minmay_temple_entry_offerings, uniq_joseph
D:8:      layout_basic, nicolae_overflow_hidden_temple, lair_entry_dummy,
          serial_shops, shop
D:9:      layout_basic, trog_ov_bears_minmay, mainiacjoe_overflow_cross_hatched
D:10:     layout_cave_pools, serial_glass, glass_columns_c, glass_columns_a,
          minmay_strange_pillars, due_unseen_surprise, feat_on_display,
          minmay_strange_pillars
D:11:     layout_grid_maze, orc_0_dummy, portal_ice_cave_entry_pillars_2,
          zin_statuary
D:12:     layout_irregular_city, tgw_lugonu_bribe
D:13:     layout_loops_ring
D:14:     evilmike_halls_of_destruction, layout_loops_ring, david_vaults_3,
          serial_rivers, chequers_serial_rivers_small_b,
          chequers_serial_rivers_micro_d, chequers_serial_rivers_large_b,
          chequers_serial_rivers_small_a, chequers_serial_rivers_marsh,
          chequers_serial_rivers_large_a, nicolae_uskayaw_dance_hall,
          uniq_josephine, uniq_agnes
D:15:     grunt_enter_depths_magical_seal, layout_irregular_city,
          cheibrodos_ashenzari_chains
Temple:   compressed_dpeg_triangle_lava_temple
Lair:1:   layout_loops_ring, beast_lair_carwin_7
Lair:2:   layout_chaotic_city, nicolae_swamp_entry_spooky,
          infiniplex_staircase_pool, grunt_megastairs_1, uniq_gastronok,
          uniq_maggie
Lair:3:   layout_layer_cave, dummy_spider_entry, beast_lair_carwin_5
Lair:4:   gammafunk_worm_tunnel, layout_loops_ring, ebering_ghost_xom,
          grunt_forest_large_clearings, infiniplex_staircase_pool_2,
          grunt_megastairs_2, lemuel_fruit_tree
Lair:5:   gammafunk_lair_ancient_temple, layout_loops_ring,
          nicolae_slime_entry_field_trip, nicolae_lair_lakeside_cave,
          serial_bayou_shore_a, uniq_urug
Swamp:1:  layout_falls_marsh, evilmike_swamp_ruin_house_3, swamp_pool3,
          nicolae_swamp_bean_lake
Swamp:2:  layout_falls_marsh, nicolae_swamp_decorative_isthmus
Swamp:3:  layout_basic_swamp, nicolae_swamp_oxbows, swamp_pool1
Swamp:4:  swamp_alternative, layout_basic_swamp,
          gammafunk_ghost_berserking_beasts, beargit_kiku_chapel
Spider:1: layout_spider_delve
Spider:2: layout_spider_delve, uniq_nikola, uniq_louise, uniq_frances,
          uniq_azrael
Spider:3: layout_spider_delve
Spider:4: grunt_spider_rune_island, nicolae_spider_rock_and_or_roll,
          uniq_bai_suzhen, uniq_arachne
Slime:1:  layout_caves
Slime:2:  layout_caves
Slime:3:  layout_caves, nicolae_slime_phagocytosis
Slime:4:  layout_caves, cheibrodos_slime_lost_civilization_4
Slime:5
Orc:1:    layout_caves, serial_shops, nicolae_shop_overgrown_old_shop,
          uniq_jorgrun
Orc:2:    st_orc_rangers, layout_caves, basic_altar, guppyfry_orc_lava_fort,
          uniq_erolcha, uniq_snorg
Elf:1:    minmay_elf_arrival_circle, layout_geoelf_diagonals,
          kennysheep_underground_church
Elf:2:    elven_hall_of_blades_hangedman_original [nicolae_blade_lattice],
          layout_rooms, serial_shops, nicolae_shop_bloodbath_and_beyond,
          ebering_ghost_inner_flame
Elf:3:    minmay_elf_hall_quartered_circle, layout_onion_city,
          serial_co_window_serial, co_window_paths_b, co_window_corner_a,
          co_window_cross_1, co_window_corner_a, co_window_corner_a,
          co_window_paths_b, co_window_corner_a, co_window_2corner,
          co_window_unsneaky_path_d, co_window_paths_d, glass_columns_a
Depths:1: layout_cave_pools, serial_shops, shop, hangedman_abyss_entry_splay,
          grunt_pan_entry_spiral, grunt_metal_band, lemuel_flamethrower_2,
          minmay_shop_star

Skill      XL: |  1  2  3  4  5  6  7  8  9 10 11 12 13 14 15 16 17 18 19 20 |
---------------+-------------------------------------------------------------+-----
Unarmed Combat | 4 6 7 8 9 10 11 15 17 18 20 23 25 27 | 27.0
Stealth        | 2 3 |  3.0
Transmutations | 5 6 8 9 13 15 | 15.2
Dodging        | 4 7 |  7.2
Fighting       | 3 4 10 13 16 18 20 | 20.8
Spellcasting   | 4 7 10 | 10.0
Earth Magic    | 6 |  6.5
Axes           | |  0.6
Maces & Flails | |  0.5
Polearms       | |  0.6
Conjurations   | |  0.6
Summonings     | |  0.6
Translocations | |  0.5
Air Magic      | |  0.3
Invocations    | |  0.6

Action                   |  1- 3 |  4- 6 |  7- 9 | 10-12 | 13-15 | 16-18 | 19-21 || total
-------------------------+-------+-------+-------+-------+-------+-------+-------++-------
Melee: Unarmed           |   185 |   138 |   258 |   793 |   619 |   718 |   811 ||  3522
       Tailslap          |    13 |    11 |    33 |    64 |    92 |   114 |   121 ||   448
       Kick              |     1 |     2 |    38 |    11 |       |       |       ||    52
       Punch             |     1 |     1 |    20 |    23 |    53 |    66 |   112 ||   276
       Headbutt          |       |     1 |    23 |     5 |       |       |       ||    29
       Dagger            |       |       |    93 |       |       |       |       ||    93
       Bite              |       |       |       |    11 |    42 |    57 |    66 ||   176
       Rapier            |       |       |       |       |       |    11 |     1 ||    12
 Cast: Beastly Appendage |     2 |     1 |    13 |     2 |       |       |     1 ||    19
       Spider Form       |       |       |     3 |       |       |       |       ||     3
       Wereblood         |       |       |     1 |     6 |     1 |     1 |       ||     9
       Ice Form          |       |       |       |    35 |     1 |     2 |       ||    38
       Foxfire           |       |       |       |     2 |       |       |     2 ||     4
       Dragon Form       |       |       |       |     7 |    58 |    69 |    53 ||   187
       Stone Arrow       |       |       |       |       |       |     1 |     1 ||     2
Invok: Lunge             |       |       |       |    36 |    56 |   103 |    96 ||   291
       Whirlwind         |       |       |       |    44 |   123 |   160 |   205 ||   532
       Serpent's Lash    |       |       |       |       |     3 |     2 |     3 ||     8
 Abil: Wall Jump         |       |       |       |     4 |     2 |     7 |    15 ||    28
Evoke: Wand              |       |       |     6 |    20 |       |       |       ||    26
       Phial of floods   |       |       |       |       |       |     1 |       ||     1
  Use: Potion            |       |     1 |     1 |     1 |     3 |     2 |    10 ||    18
       Scroll            |       |       |     6 |    12 |    14 |     9 |     3 ||    44
 Stab: Sleeping          |       |     8 |     5 |     7 |     2 |     8 |     3 ||    33
       Paralysed         |       |       |       |     6 |       |       |       ||     6
       Distracted        |       |       |       |     1 |       |     4 |     1 ||     6
Armor: Skin              |    61 |    58 |   181 |   401 |   371 |   308 |   252 ||  1632
Dodge: Dodged            |   124 |    76 |   273 |   572 |   289 |   334 |   267 ||  1935

Table legend: (Time is in decaauts)
 A = Elapsed time spent in this place.
 B = Non-inter-level travel time spent in this place.
 C = Inter-level travel time spent in this place.
 D = Time resting spent in this place.
 E = Time spent auto-exploring this place.
 F = Levels seen in this place.
 G = Mean time per level.
                   A        B        C        D        E       F      G
               +--------+--------+--------+--------+--------+-----+--------+
         Total |  50257 |  46203 |   4054 |  11135 |  26105 |  41 | 1225.8 |
       Dungeon |  20726 |  18267 |   2459 |   4925 |   9698 |  15 | 1381.7 |
        Temple |     14 |      8 |      6 |      0 |      0 |   1 |   14.0 |
          Lair |   8399 |   7901 |    498 |   1756 |   4528 |   5 | 1679.8 |
         Swamp |   3839 |   3656 |    183 |    337 |   2580 |   4 |  959.8 |
   Spider Nest |   5454 |   5157 |    297 |    957 |   3218 |   4 | 1363.5 |
    Slime Pits |   2054 |   1924 |    130 |    155 |   1420 |   5 |  410.8 |
  Orcish Mines |   1880 |   1653 |    227 |     67 |   1258 |   2 |  940.0 |
   Elven Halls |   6065 |   5811 |    254 |   1506 |   3373 |   3 | 2021.7 |
        Depths |     24 |     24 |      0 |      0 |      0 |   1 |   24.0 |
      Ice Cave |   1798 |   1798 |      0 |   1431 |     29 |   1 | 1798.0 |
               +--------+--------+--------+--------+--------+-----+--------+

Top non-repeatable levels by time:
   Elf:2: 2370 daAuts
    D:14: 2122 daAuts
   Elf:3: 2085 daAuts
    D:15: 2060 daAuts
 Swamp:4: 1869 daAuts
  Lair:2: 1862 daAuts
   IceCv: 1798 daAuts
     D:9: 1793 daAuts
  Lair:1: 1756 daAuts
  Lair:5: 1690 daAuts
Spider:1: 1680 daAuts
     D:5: 1678 daAuts
  Lair:3: 1652 daAuts
Spider:2: 1625 daAuts
     D:8: 1615 daAuts
